AoeStats
← Juanfreelance

Arabia

507406483Analyzed
2v2 RM · 14d ago on Sep 18, 2026· 49m 3s· 4 players
Game mode
Random Map
Map size
Medium (4 player)
Population
200
Speed
Normal
Resources
Standard
Victory
Conquest
Starting age
Dark Age
Ending age
Imperial Age
RankedLock teamsTeams togetherTeam positionsShared explorationLock speedFull tech treeHidden civsTurbo modeCheats
Victory
Defeat
🇨🇱 Vietnamese · Chile
1381
+13
🇨🇱 Romans · Chile
1340
+14
🇺🇸 Maya · United States
1340
-15
🇵🇦 Persians · Panama
1270
-12
Eizenh3im
0:25 Loom
9:50 Feudal Age
10:20 Double-Bit Axe
13:11 Fletching
13:22 Padded Archer Armor
21:59 Castle Age
20:04 Gold Mining
22:05 Crossbowman
22:47 Bodkin Arrow
23:04 Bow Saw
24:04 Horse Collar
25:12 Ballistics
25:49 Thumb Ring
27:18 Leather Archer Armor
35:23 Wheelbarrow
36:28 Town Watch
36:59 Hand Cart
39:51 Imperial Age
37:13 Town Watch
40:18 Stone Mining
40:00 Arbalester
40:41 Bracer
41:42 Ring Archer Armor
42:13 Chemistry
43:09 Scale Mail Armor
43:19 Forging
43:07 Eagle Warrior
43:48 Squires
43:35 Arson
44:06 Chain Mail Armor
45:03 Stone Shaft Mining
45:11 Elite Eagle Warrior
46:52 Plate Mail Armor
46:45 Conscription
47:14 Iron Casting
47:58 Holcans
Juanfreelance
6:35 Loom
9:04 Feudal Age
9:42 Horse Collar
10:08 Double-Bit Axe
21:32 Forging
27:05 Castle Age
25:55 Bloodlines
25:52 Scale Barding Armor
26:50 Gold Mining
30:32 Iron Casting
30:09 Husbandry
36:49 Chain Barding Armor
41:06 Wheelbarrow
45:35 Imperial Age
45:11 Bow Saw
45:04 Heavy Plow
45:35 Cavalier
47:06 Hand Cart
48:49 Plate Barding Armor
47:45 Light Cavalry
chillboogie
8:56 Feudal Age
8:37 Loom
14:10 Fletching
16:12 Double-Bit Axe
19:04 Horse Collar
23:40 Castle Age
24:22 Bodkin Arrow
24:20 Crossbowman
27:14 Padded Archer Armor
29:04 Ballistics
30:22 Bow Saw
33:20 Gold Mining
39:45 Leather Archer Armor
43:45 Imperial Age
42:07 Heavy Plow
44:35 Bracer
45:41 Chemistry
46:33 Ring Archer Armor
49:34 Crop Rotation
50:05 Two-Man Saw
48:48 Elite Rattan Archer
Tecno
8:55 Feudal Age
10:05 Loom
12:02 Double-Bit Axe
14:10 Wheelbarrow
16:52 Town Watch
18:32 Horse Collar
22:19 Castle Age
20:45 Scale Barding Armor
21:19 Bloodlines
21:52 Forging
23:26 Husbandry
23:38 Bow Saw
27:16 Chain Barding Armor
27:43 Heavy Plow
30:05 Iron Casting
31:52 Hand Cart
41:18 Imperial Age
42:53 Plate Barding Armor
43:20 Blast Furnace
41:50 Cavalier
45:36 Heavy Scorpion
49:06 Ballistics
48:58 Masonry
48:53 Siege Engineers
50:29 Chemistry
Connection lost

Rejoining the realm…

Still unreachable

The connection could not be restored.

Session expired

The server has moved on; the page needs a fresh start.